 Dungeon Crawl Stone Soup version 0.17.0-7-gfadd4cc (webtiles) character file.

125 HungrySpirit the Ruffian (level 5, -1/45 (46) HPs)
             Began as a Ghoul Warper on Nov 8, 2015.
             Slain by a mummy (2 damage)
             ... in an ossuary.
             The game lasted 00:04:12 (1296 turns).

HungrySpirit the Ruffian (Ghoul Warper)             Turns: 1296, Time: 00:04:13

HP:   -1/45 (46)    AC:  6    Str: 16    XL:     5   Next: 9%
MP:   6/6           EV: 10    Int:  8    God:
Gold: 36            SH:  0    Dex:  8    Spells: 1 memorised, 6 levels left

rFire  . . .     SeeInvis .       - Unarmed
rCold  + . .     Clarity  .     h - +0 ring mail
rNeg   + + +     SustAt   .     (no shield)
rPois  ∞         Gourm    .     o - +0 helmet
rElec  .         Spirit   .     (no cloak)
rCorr  .         Warding  .     (no gloves)
rMut   .         Stasis   .     (no boots)
MR     .....                    (no amulet)
Stlth  ..........               (no ring)
                                (no ring)

@: rotting, not resistant to hostile enchantments, extremely unstealthy
A: rotting body, claws 1, carnivore 3, cold resistance 1, negative energy
resistance 3, slow regeneration 1, torment resistance, unbreathing
a: no special abilities


You were in an ossuary.
You were not hungry.

You visited 1 branch of the dungeon, and saw 4 of its levels.
You also visited: Ossuary.

You collected 36 gold pieces.

Inventory:

Missiles
 d - 5 tomahawks of dispersal (quivered)
Armour
 h - a +0 ring mail (worn)
 o - a +0 helmet (worn)
Scrolls
 c - a scroll of blinking
 i - a scroll of fear {unknown}
 j - 3 scrolls of identify {unknown}
 k - a scroll of noise {unknown}
 l - a scroll of teleportation {unknown}
 n - a scroll of random uselessness {unknown}
Potions
 f - a potion of lignification
 g - a potion of might {unknown}
 m - a potion of curing {unknown}
 p - a potion of poison {unknown}
Books
 b - a book of Spatial Translocations

   Spells                             Type                      Level
   a - Apportation                    Translocation                1
   b - Blink                          Translocation                2
   c - Shroud of Golubria             Charms/Translocation         2
   d - Portal Projectile              Translocation                3
   e - Teleport Other                 Translocation                3
   f - Passage of Golubria            Translocation                4
Comestibles
 a - a chunk of flesh
 e - 2 meat rations


   Skills:
 + Level 3.7 Fighting
 - Level 0.8 Throwing
 - Level 0.8 Armour
 - Level 1.7 Dodging
 * Level 4.7 Unarmed Combat
 - Level 1.7 Spellcasting
 - Level 2.6 Translocations


You had 6 spell levels left.
You knew the following spells:

 Your Spells              Type           Power        Failure   Level  Hunger
a - Apportation           Tloc           #.........   24%         1    ##.....


Dungeon Overview and Level Annotations

Branches:
Dungeon (4/15)
 Temple: D:4-7

Altars:


Innate Abilities, Weirdness & Mutations

Your body is rotting away.
You thrive on raw meat.
You are immune to poison.
You have sharp fingernails.
You are carnivorous and can eat meat at any time.
Your flesh is cold resistant.
You are immune to negative energy.
You regenerate slowly when monsters are visible.
You are immune to unholy pain and torment.
You can survive without breathing.


Message History

The hobgoblin zombie hits you but does no damage.
The big kobold zombie hits you but does no damage.
The gnoll zombie hits you.
You scratch the mummy but do no damage.
The mummy is lightly damaged.
The hobgoblin zombie barely misses you. The big kobold zombie hits you.
The mummy hits you!
* * * LOW HITPOINT WARNING * * *
You scratch the mummy.
The mummy is moderately damaged.
The gnoll zombie hits you but does no damage.
The hobgoblin zombie hits you.
* * * LOW HITPOINT WARNING * * *
The big kobold zombie closely misses you.
Drink which item? (? for menu, Esc to quit)
It was a potion of lignification.
You feel woody for a moment. The gnoll zombie hits you.
* * * LOW HITPOINT WARNING * * *
The mummy hits you.
You die...

.#.#.#. ......Z
##### .......
##...##
.....Z.###.....##
................#
...........∩.∩..#
.............Z..#
.......###..ZZZ##
...M... ##ZM@##
....... #####
.#.#.#. ######


You could see a mummy, a hobgoblin zombie, a gnoll zombie, 2 big kobold zombies
and a human zombie.

Vanquished Creatures
  Terence (D:2)
  A mummy (D:4)
  Robin (D:2)
  2 adders (D:2)
  An ooze (D:1)
  A worm (D:2)
  4 giant cockroaches
  7 hobgoblins
  4 ball pythons
  3 bats
  6 giant newts
  12 goblins
  A goblin zombie (Ossuary)
  6 kobolds
  A kobold zombie (D:4)
  An orc zombie (Ossuary)
  4 rats
56 creatures vanquished.

Notes
Turn   | Place    | Note
--------------------------------------------------------------
     0 | D:1      | HungrySpirit the Ghoul Warper began the quest for the Orb.
     0 | D:1      | Reached XP level 1. HP: 17/17 MP: 2/2
   258 | D:1      | Reached XP level 2. HP: 25/25 MP: 3/3
   374 | D:1      | Reached skill level 3 in Unarmed Combat
   669 | D:2      | Reached XP level 3. HP: 28/30 MP: 4/4
   675 | D:2      | Noticed Robin
   777 | D:2      | Killed Robin
   927 | D:2      | Reached skill level 4 in Unarmed Combat
   927 | D:2      | Reached XP level 4. HP: 32/37 MP: 5/5
   943 | D:2      | Noticed Terence
  1025 | D:2      | Killed Terence
  1161 | D:2      | You fall through a shaft for 2 floors!
  1177 | D:4      | Found a sand-covered staircase.
  1188 | D:4      | Reached XP level 5. HP: 24/44 MP: 6/6
  1265 | Ossuary  | Entered an ossuary
  1296 | Ossuary  | HP: 1/45 [gnoll zombie (2)]
  1296 | Ossuary  | Slain by a mummy

Action                   |  1- 3 |  4- 6 || total
-------------------------+-------+-------++-------
Melee: Unarmed           |   115 |    95 ||   210
  Use: Potion            |       |     1 ||     1
  Eat: Chunk             |     8 |     9 ||    17
